 Dungeon Crawl Stone Soup version 0.21-a0-273-g0785366 (webtiles) character file.

1114 Lavandula the Ruffian (level 8, -12/62 HPs)
             Began as a Ghoul Warper on Sept 17, 2017.
             Was a Follower of Cheibriados.
             Mangled by an orc warrior
             ... wielding a cursed -3 hand axe
              (13 damage)
             ... on level 6 of the Dungeon.
             The game lasted 00:15:57 (3174 turns).

Lavandula the Ruffian (Ghoul Warper)                Turns: 3174, Time: 00:15:58

Health: -12/62     AC: 12    Str: 22    XL:     8   Next: 34%
Magic:  2/9        EV: 10    Int: 15    God:    Cheibriados [*.....]
Gold:   163        SH:  5    Dex: 12    Spells: 3/10 levels left

rFire    + . .     SeeInvis +     - Unarmed
rCold    + + .     Gourm    .   (no shield)
rNeg     + + +     Faith    .   v - +3 scale mail of Cagrupao {rF+ Int+4}
rPois    ∞         Spirit   .   j - +2 hat
rElec    .         Reflect  +   (no cloak)
rCorr    .         Harm     .   (no gloves)
MR       .....                  (no boots)
Stlth    ..........             s - amulet of Niemuynn {Reflect +Blink rF+ Str+3 SH+5}
HPRegen  0.00/turn              g - ring of ice
MPRegen  0.11/turn              A - ring of see invisible

@: rotting, very slow
A: rotting body, claws 1, carnivore 3, cold resistance 1, negative energy
resistance 3, inhibited regeneration, torment resistance, unbreathing
a: Bend Time, Renounce Religion, Evoke Blink


You were on level 6 of the Dungeon.
You worshipped Cheibriados.
Cheibriados was aware of your devotion.
You were not hungry.

You visited 2 branches of the dungeon, and saw 7 of its levels.

You collected 163 gold pieces.

Inventory:

Missiles
 k - 2 tomahawks (quivered)
Armour
 a - a +0 leather armour
 j - a +2 hat (worn)
 t - a +0 ring mail
 v - the +3 scale mail of Cagrupao (worn) {rF+ Int+4}
   (You found it on level 5 of the Dungeon)

   It affects your intelligence (+4).
   It protects you from fire.
Jewellery
 g - a ring of ice (left claw)
 s - the amulet of Niemuynn (around neck) {Reflect +Blink rF+ Str+3 SH+5}
   (You found it on level 4 of the Dungeon)

   [amulet of reflection]

   It shields you and reflects attacks.
   It affects your strength (+3).
   It protects you from fire.
   It lets you blink.
   It affects your SH (+5).
 A - a ring of see invisible (right claw)
Wands
 B - a wand of scattershot (0/9)
Scrolls
 c - a scroll of blinking
 i - 2 scrolls of teleportation
 l - a scroll of fog {unknown}
 n - a scroll of fear {unknown}
 o - 2 scrolls of enchant weapon
 p - a scroll of magic mapping {unknown}
 r - a scroll of recharging {unknown}
 u - 2 scrolls of remove curse {unknown}
 x - a scroll of amnesia {unknown}
Potions
 e - a potion of might
 h - 2 potions of heal wounds {unknown}
 m - 4 potions of curing
 w - a potion of invisibility {unknown}
Books
 b - a book of Spatial Translocations

   Spells                             Type                      Level
   a - Blink                          Translocation                2
   b - Shroud of Golubria             Charms/Translocation         2
   c - Lesser Beckoning               Translocation                3
   d - Gell's Gravitas                Translocation                3
   e - Teleport Other                 Translocation                3
   f - Passage of Golubria            Translocation                4
Comestibles
 f - 3 meat rations
 q - 2 royal jellies


   Skills:
 - Level 2.8 Fighting
 - Level 0.8 Throwing
 + Level 4.3 Armour
 - Level 1.7 Dodging
 - Level 7.0 Unarmed Combat
 - Level 1.7 Spellcasting
 - Level 5.5 Translocations


You had 3 spell levels left.
You knew the following spells:

 Your Spells              Type           Power        Failure   Level  Hunger
a - Blink                 Tloc           N/A          9%          2    ###....
b - Shroud of Golubria    Chrm/Tloc      #.........   28%         2    ###....
c - Teleport Other        Tloc           ###.....     17%         3    ####...


Dungeon Overview and Level Annotations

Branches:
Dungeon (6/15)             Temple (1/1) D:4

Altars:
Ashenzari
Cheibriados
Dithmenos
Fedhas
Gozag
Makhleb
Qazlal
Ru
Sif Muna
Trog
Uskayaw
Vehumet
Wu Jian
Xom

Annotations:
D:4 BilboMcMuggins's ghost, novice HuFi


Innate Abilities, Weirdness & Mutations

Your body is rotting away.
You thrive on raw meat.
You are immune to poison.
You have sharp fingernails.
You are carnivorous and can eat meat at any time.
Your flesh is cold resistant. (rC+)
You are immune to negative energy. (rN+++)
You do not regenerate when monsters are visible.
You are immune to unholy pain and torment.
You can survive without breathing.


Message History

Aim: an orc warrior, wielding a hand axe and wearing a chain mail (almost dead)
You throw a tomahawk of dispersal.
The tomahawk of dispersal hits the orc warrior but does no damage.
The orc warrior is almost dead.
The orc warrior hits you with a hand axe!
* * * LOW HITPOINT WARNING * * *
Throwing (i - inventory. (,) - cycle):
d - 2 tomahawks of dispersal (quivered)
Press: ? - help, Shift-Dir - straight line, f/p - orc warrior
Aim: an orc warrior, wielding a hand axe and wearing a chain mail (almost dead)
You throw a tomahawk of dispersal.
The tomahawk of dispersal hits the orc warrior but does no damage.
The orc warrior is almost dead.
The orc warrior barely misses you.
Throwing (i - inventory. (,) - cycle):
d - a tomahawk of dispersal (quivered)
Press: ? - help, Shift-Dir - straight line, f/p - orc warrior
Aim: an orc warrior, wielding a hand axe and wearing a chain mail (almost dead)
You throw a tomahawk of dispersal.
The tomahawk of dispersal closely misses the orc warrior.
The orc warrior hits you with a hand axe!
You die...

#.......#
#.......#
#...)...#
####..####
#........#
#.#......#
#.#<.....#
#.#.....o###.#
#.......@....#
...##.#.#.......
... #.#.........
....
#.##........
#.... .( .......
#.... # .......
.....$. .......


You could see an orc warrior.

Vanquished Creatures
  An ice beast (D:5)
  A sky beast (D:5)
  3 ogres
  A scorpion (D:6)
  2 crimson imps
  2 bullfrog skeletons
  A jelly (D:6)
  2 orc priests
  2 hounds (D:5)
  3 orc wizards (D:5)
  3 iguanas
  A worker ant (D:4)
  A howler monkey skeleton (D:4)
  8 adders
  3 oozes
  3 worms
  2 leopard geckos
  8 orcs
  A ball python (D:4)
  8 bats
  4 giant cockroaches
  A goblin (D:3)
  3 hobgoblins
  7 jackals
  A kobold (D:2)
  2 quokkas
  4 frilled lizards
  6 rats
84 creatures vanquished.

Vanquished Creatures (others)
  8 toadstools (D:6)
8 creatures vanquished.

Grand Total: 92 creatures vanquished

Notes
Turn   | Place    | Note
-------+----------+-------------------------------------------
     0 | D:1      | Lavandula the Ghoul Warper began the quest for the Orb.
     0 | D:1      | Reached XP level 1. HP: 17/17 MP: 2/2
    90 | D:1      | Reached XP level 2. HP: 19/24 MP: 3/3
   100 | D:1      | Reached skill level 3 in Unarmed Combat
   112 | D:1      | Learned a level 2 spell: Blink
   115 | D:1      | Learned a level 2 spell: Shroud of Golubria
   207 | D:2      | Reached XP level 3. HP: 22/29 MP: 4/4
   309 | D:2      | Reached skill level 4 in Unarmed Combat
   382 | D:4      | Reached XP level 4. HP: 36/36 MP: 2/5
   418 | D:4      | Reached skill level 5 in Unarmed Combat
   458 | D:4      | Reached XP level 5. HP: 31/41 MP: 0/6
   615 | D:3      | HP: 1/41 [adder (4)]
   625 | D:3      | Found a faded altar of an unknown god.
   945 | D:3      | Reached skill level 6 in Unarmed Combat
  1001 | D:4      | Found a staircase to the Ecumenical Temple.
  1010 | D:4      | Noticed BilboMcMuggins's ghost (novice HuFi)
  1016 | Temple   | Entered the Ecumenical Temple
  1022 | Temple   | Became a worshipper of Cheibriados the Contemplative
  1032 | Temple   | Learned a level 3 spell: Teleport Other
  1033 | D:4      | Noticed an ogre
  1061 | Temple   | Killed an ogre
  1061 | Temple   | Reached XP level 6. HP: 41/48 MP: 2/7
  1531 | D:3      | Reached skill level 7 in Unarmed Combat
  1726 | D:4      | Got a flickering platinum amulet
  1727 | D:4      | Identified the amulet of Niemuynn {Reflect +Blink rF+ Str+3 SH+5} (You found it on level 4 of the Dungeon)
  1847 | D:3      | Found a sacrificial altar of Ru.
  2268 | D:5      | Entered Level 5 of the Dungeon
  2304 | D:5      | Reached XP level 7. HP: 45/54 MP: 5/8
  2409 | D:5      | Reached * piety under Cheibriados
  2500 | D:5      | Reached skill level 5 in Translocations
  2622 | D:5      | Got a faintly humming scale mail
  2638 | D:5      | Identified the +3 scale mail of Cagrupao {rF+ Int+4} (You found it on level 5 of the Dungeon)
  2834 | D:5      | Reached skill level 1 in Armour
  3048 | D:5      | Reached XP level 8. HP: 61/61 MP: 5/9
  3172 | D:6      | HP: 1/62 [orc warrior/hand axe (10)]
  3174 | D:6      | Mangled by an orc warrior

Vault maps used:
D:1:      eino_arrival_cavern_a
D:2:      kb_forest_paths, gammafunk_temple_overflow_wave, minivault_26,
          kennysheep_small_spiral, grunt_ministairs_9,
          nemelex_diamond_rough_becter
D:3:      minitemple, chequers_ecumenical_altar_island,
          nicolae_ru_the_path_less_chosen
D:4:      minmay_temple_entry_hall, first_bread
D:5:      wad_lake_hut
D:6:      cheibrodos_fertilizer, basic_altar, st_stairs_6, uniq_menkaure
Temple:   nicolae_temple_x_marks_the_god

Skill      XL: |  1  2  3  4  5  6  7  8 |
---------------+-------------------------+-----
Unarmed Combat | 3 4 5 6 7 |  7.0
Translocations | 3 5 |  5.5
Armour         | 2 4 |  4.3
Fighting       | |  2.8
Throwing       | |  0.8
Dodging        | |  1.7
Spellcasting   | |  1.7

Action                   |  1- 3 |  4- 6 |  7- 9 || total
-------------------------+-------+-------+-------++-------
Melee: Unarmed           |   116 |   136 |   143 ||   395
       Punch             |       |     4 |     4 ||     8
Throw: Tomahawk          |       |     1 |     4 ||     5
 Cast: Shroud of Golubri |     2 |    12 |     7 ||    21
       Blink             |       |    10 |    10 ||    20
Evoke: Wand              |       |       |     3 ||     3
  Use: Potion            |       |     2 |       ||     2
       Scroll            |       |     7 |     1 ||     8
  Eat: Chunk             |    10 |    27 |    12 ||    49
Armor: Leather armour    |    35 |    20 |       ||    55
       Ring mail         |       |     4 |    17 ||    21
       Scale mail        |       |       |    46 ||    46
Dodge: Dodged            |    64 |    74 |    51 ||   189
Block: Other             |       |     3 |    24 ||    27

Table legend:
 A = Spawn XP
 B = Non-spawn XP
 C = Spawn XP percentage of total XP
 D = Spawn monster count
 E = Non-spawn monster count
 F = Spawn count percentage of total count
 G = Total turns spent on level
                    A         B        C        D         E        F      G
               +---------+---------+-------+---------+---------+-------+---------
         Total |       0 |    1592 |   0.0 |       0 |      84 |   0.0 |  3174
               +---------+---------+-------+---------+---------+-------+---------
           D:1 |       0 |      11 |   0.0 |       0 |       7 |   0.0 |   128
           D:2 |       0 |      40 |   0.0 |       0 |      15 |   0.0 |   207
           D:3 |       0 |      98 |   0.0 |       0 |      20 |   0.0 |   955
           D:4 |       0 |     438 |   0.0 |       0 |      14 |   0.0 |   550
           D:5 |       0 |     628 |   0.0 |       0 |      19 |   0.0 |   800
           D:6 |       0 |     255 |   0.0 |       0 |       8 |   0.0 |    83
        Temple |       0 |     122 |   0.0 |       0 |       1 |   0.0 |   451
               +---------+---------+-------+---------+---------+-------+---------
